 Dungeon Crawl Stone Soup version 0.31.0-32-g396128a36d (webtiles) character file.

Game seed: 14840009175191132074

45292 PaiMei the Black Sun (level 14, -4/113 HPs)
             Began as a Demonspawn Necromancer on Apr 18, 2024.
             Was a High Priest of Kikubaaqudgha.
             Engulfed by a cloud of foul pestilence (15 damage)
             ... on level 3 of the Lair of Beasts.
             The game lasted 00:40:25 (28237 turns).

PaiMei the Black Sun (Demonspawn Necromancer)      Turns: 28237, Time: 00:40:26

Health: -4/113     AC: 14    Str: 11    XL:     14   Next: 0%
Magic:  21/29      EV: 20    Int: 20    God:    Kikubaaqudgha [*****.]
Gold:   1222       SH:  8    Dex: 20    Spells: 13/35 levels left

rFire   + . .        S - +7 long sword "Hellblazer" {protect, Str+2}
rCold   x . .        W - +2 buckler
rNeg    . . .        T - +4 ring mail
rPois   .            (helmet restricted)
rElec   .            I - +2 cloak
rCorr   .            q - +0 pair of gloves
SInv    .            J - +0 pair of boots of the Vestibule of Hell {Slay+3}
Will    +....        w - amulet of regeneration
Stlth   ++           Q - ring of fire
HPRegen 1.18/turn    O - +6 ring of dexterity
MPRegen 0.21/turn

%: repel missiles
@: lethally poisoned (-4 -> -24), slowed, very slow
A: antennae 2, repulsion field 3, demonic guardian 2, demonic magic 2
a: Renounce Religion, Unearth Wretches, Torment


You were on level 3 of the Lair of Beasts.
You worshipped Kikubaaqudgha.
Kikubaaqudgha was extremely pleased with you.
You visited 3 branches of the dungeon, and saw 17 of its levels.
You also visited: Volcano.

You collected 1222 gold pieces.

Inventory:

Hand Weapons
 y - a +5 dire flail of protection
 S - the +7 long sword "Hellblazer" (weapon) {protect, Str+2}
   (You took it off a wight on level 9 of the Dungeon)

   Str+2:     It affects your strength (+2).
Missiles
 j - 23 poisoned darts (quivered)
 u - 4 silver javelins
 G - 7 curare-tipped darts
 H - 4 atropa-tipped darts
Armour
 q - a +0 pair of gloves (worn)
 E - a +0 kite shield
 I - a +2 cloak (worn)
 J - the +0 pair of boots of the Vestibule of Hell (worn) {Slay+3}
   (You found it on level 7 of the Dungeon)

   Slay+3:    It affects your accuracy & damage with ranged weapons and melee
   (+3).
 T - a +4 ring mail (worn)
 W - a +2 buckler (worn)
Magical Staves
 a - the staff of the Pharaoh's Fist {+Blink Fly rC+ Str-3 Ice}
   (You found it on level 7 of the Dungeon)

   [staff of cold]

   Base accuracy: +5 Base damage: 5 Base attack delay: 1.2 This weapon's minimum
   attack delay (0.6) is reached at skill level 12.
   Str-3:     It affects your strength (-3).
   rC+:       It protects you from cold.
   Fly:       It grants you flight.
   +Blink:    It lets you blink.
   Ice:       It increases the power of your Ice spells.
   It falls into the 'Staves' category.
   It is a one-handed weapon.
 V - a staff of death
Jewellery
 p - a ring of protection from cold
 w - an amulet of regeneration (around neck)
 N - a ring of willpower
 O - a +6 ring of dexterity (right hand)
 Q - a ring of fire (left hand)
Wands
 f - a wand of digging (2)
 A - a wand of flame (4)
 K - a wand of paralysis (7)
 M - a wand of mindburst (23)
Scrolls
 c - 3 scrolls of enchant armour
 d - 2 scrolls of fear {unknown}
 e - 3 scrolls of silence
 g - 2 scrolls of amnesia {unknown}
 k - 2 scrolls of blinking {unknown}
 n - 3 scrolls of teleportation
 o - 4 scrolls of noise
 r - 3 scrolls of enchant weapon
 x - 3 scrolls of fog {unknown}
 D - 3 scrolls of identify
 L - 2 scrolls of poison {unknown}
 P - a scroll of immolation {unknown}
 R - 3 scrolls of vulnerability {unknown}
 U - a scroll of acquirement {unknown}
Potions
 b - 2 potions of magic
 h - 6 potions of brilliance
 i - 5 potions of curing
 l - a potion of heal wounds
 m - 2 potions of mutation {unknown}
 s - 3 potions of might {unknown}
 t - 3 potions of lignification {unknown}
 v - a potion of resistance {unknown}
 z - a potion of berserk rage {unknown}
 B - 3 potions of haste
 C - 2 potions of attraction {unknown}
 F - 3 potions of enlightenment


   Skills:
 - Level 11.0 Fighting
 + Level 4.5 Long Blades
 - Level 10.5 Dodging
 - Level 2.2 Stealth
 + Level 4.3 Shields
 + Level 11.4 Spellcasting
 + Level 13.9 Necromancy
 + Level 4.3 Earth Magic


You had 13 spell levels left.
You knew the following spells:

 Your Spells              Type           Power      Damage    Failure   Level
a - Necrotise             Necr           100%       1d9       1%          1
b - Vampiric Draining     Necr           61%        2d10      1%          3
c - Animate Dead          Necr           61%        N/A       1%          4
d - Curse of Agony        Necr           61%        N/A       1%          5
e - Dispel Undead         Necr           61%        3d21      1%          4
f - Borgnjor's Vile Clut  Necr/Erth      24%        N/A       13%         5

Your spell library contained the following spells:

 Spells                   Type           Power      Damage    Failure   Level
 Kiss of Death            Conj/Necr      100%       2d13      1%          1
 Fugue of the Fallen      Necr           61%        N/A       1%          3
 Cigotuvi's Dreadful Rot  Necr/Alch/Air  60%        N/A       4%          2
 Death Channel            Necr           30%        N/A       11%         6
 Anguish                  Hex/Necr       19%        N/A       12%         4
 Martyr's Knell           Necr/Summ      39%        N/A       12%         4
 Freeze                   Ice            44%        1d6       21%         1
 Scorch                   Fire           34%        2d6       30%         2
 Frozen Ramparts          Ice            22%        1d4       52%         3
 Hailstorm                Conj/Ice       11%        3d6       52%         3
 Summon Ice Beast         Ice/Summ       11%        N/A       52%         3
 Leda's Liquefaction      Alch/Erth      10%        N/A       63%         4
 Petrify                  Alch/Erth      20%        N/A       63%         4
 Flame Wave               Conj/Fire      17%        2d7       90%         4
 Ignite Poison            Fire/Alch      17%        N/A       90%         4
 Manifold Assault         Tloc           11%        N/A       90%         4
 Freezing Cloud           Conj/Ice/Air   5%         6-21      99%         5
 Metabolic Englaciation   Hex/Ice        5%         N/A       99%         5
 Summon Mana Viper        Hex/Summ       11%        N/A       99%         5
 Dispersal                Tloc           5%         N/A       100%        6
 Summon Cactus Giant      Summ           5%         N/A       100%        6
 Monstrous Menagerie      Summ           5%         N/A       100%        7
 Discord                  Hex            5%         N/A       100%        8
 Disjunction              Tloc           5%         N/A       100%        8
 Polar Vortex             Ice            5%         N/A       100%        9


Dungeon Overview and Level Annotations

Branches:
Dungeon (11/15)            Temple (1/1) D:4            Lair (5/5) D:10
 Shoals (0/4) Lair:2       Spider (0/4) Lair:2        Slime (0/5) Lair:4
    Orc (0/2) D:9         Volcano (visited)

Altars:
Ashenzari
Cheibriados
Dithmenos
Fedhas
Gozag
Hepliaklqana
Kikubaaqudgha
Makhleb
Nemelex Xobeh
Okawaru
Qazlal
Ru
Sif Muna
Trog
Uskayaw
Vehumet
Wu Jian
Xom
Yredelemnul
Jiyva

Shops:
D:1 *   D:8 [

Annotations:
D:11 Erolcha
Lair:3 1 transporter
Lair:4 exclusion: 2 oklob plants


Innate Abilities, Weirdness & Mutations

You have a pair of antennae on your head.
You are surrounded by a strong repulsion field. (EV +4, RMsl)
A demonic guardian rushes to your aid.
Spells you cast may paralyse nearby enemies.


Message History

Aiming: Necrotise (safe; 1% risk of failure)
Press: ? - help, Shift-Dir - straight line, f/p - swamp worm
Aim: a swamp worm (severely wounded, chance to affect: 88%)
The swamp worm writhes in agony!
Malevolent energies surge around you.
The swamp worm suddenly stops moving!
You are engulfed in dark miasma.
You are more poisoned.
You feel extremely sick.
Casting: Necrotise (safe; 1% risk of failure)
Confirm with . or Enter, or press ? or * to list all spells.
Aiming: Necrotise (safe; 1% risk of failure)
Press: ? - help, Shift-Dir - straight line, f/p - swamp worm
Aim: a swamp worm (almost dead, paralysed, chance to affect: 88%)
The swamp worm writhes in agony!
You kill the swamp worm!
Kikubaaqudgha accepts your kill. Malevolent energies surge around you.
You are engulfed in dark miasma.
You are lethally poisoned!
* * * LOW HITPOINT WARNING * * *
You feel extremely sick.
The swamp worm fires a harpoon shot at you.
The harpoon shot misses you.
You slash the briar patch!
The briar patch is heavily damaged.
You are engulfed in dark miasma.
You are more poisoned.
* * * LOW HITPOINT WARNING * * *
x2 You feel extremely sick.
Unknown command.
You feel much better.
You are engulfed in dark miasma.
You are more poisoned.
You feel yourself slow down.
* * * LOW HITPOINT WARNING * * *
A demonic guardian appears!
* * * LOW HITPOINT WARNING * * *
You feel extremely sick.
You feel better.
You are engulfed in dark miasma.
You are lethally poisoned!
You feel as though you will be slow longer.
You die...
Kikubaaqudgha rasps: "You have failed me!
Welcome... death!"

...#P...........................#
..##.............©..............#
+.##...........#####............#
...............#[©=#...........##
...............#?!!#............#
.............####+####..........#
.............##≈P°P≈w#.........##
.............#†3P§P≈##.........#
.............###@^P≈♣#.........#
.............#♣≈P§○###.........##
P............##≈P^.§.#..........#
#P...........#.≈P^.≈##..........#
##.......>...##≈P^.≈♣#..........#
.............###.©.###.........##
##.............#####...........##
PP...............©..............#
...............................P#


You could see a swamp worm (ally target) and a friendly sun demon (summoned).

Vanquished Creatures
  2 hydras
  A catoblepas (Lair:1)
  A boulder beetle (Lair:2)
  12 spriggans (Lair:5)
  A skyshark (Lair:5)
  Sonja (Lair:2)
  Pikel (D:8)
  A lindwurm (Lair:5)
  6 elephants
  5 black mambas
  7 cane toads
  Maggie (Lair:2)
  A rime drake (Lair:4)
  2 komodo dragons
  A polar bear (Lair:5)
  A troll (D:10)
  17 blink frogs
  6 dream sheep (Lair:5)
  5 hornets
  Sigmund (D:2)
  24 yaks
  A jumping spider (Lair:2)
  A shadow (D:10)
  5 wyverns
  2 fire elementals
  4 basilisks
  2 redbacks (Lair:2)
  3 steam dragons
  3 swamp worms (Lair:3)
  3 vampire mosquitoes (D:11)
  A hell hound (Volcano)
  2 acid dragons (D:10)
  4 orc warriors
  13 water moccasins
  A sky beast (D:6)
  An ice beast (D:5)
  11 black bears
  2 ogres
  2 boggarts (Lair:5)
  14 wolves
  2 centaurs (D:8)
  2 lemures (D:8)
  2 phantoms
  A kobold brigand (D:6)
  A gnoll sergeant (D:8)
  5 scorpions
  16 bullfrogs
  10 wights
  28 killer bees
  An electric eel (Lair:5)
  4 howler monkeys
  A hound (D:5)
  4 jellies
  An orc priest (D:6)
  7 iguanas
  4 sleepcaps
  A gnoll bouda (D:4)
  4 orc wizards
  2 hell rats
  21 gnolls
  6 adders
  3 white imps
  2 ufetubi (D:7)
  2 dart slugs (D:2)
  4 ribbon worms
  11 orcs
  11 endoplasms
  5 giant cockroaches
  7 goblins
  9 hobgoblins
  4 jackals
  3 quokkas
  8 ball pythons
  4 bats
  A frilled lizard (D:1)
  14 kobolds
  6 rats
  A spectral goblin (D:6)
390 creatures vanquished.

Vanquished Creatures (collateral kills)
  A hydra (Lair:3)
  A boulder beetle (Lair:1)
  A skyshark (Lair:3)
  A lindwurm (Lair:3)
  A cyclops (D:11)
  A black mamba (Lair:4)
  3 elephants
  A torpor snail (Lair:5)
  2 cane toads
  2 komodo dragons
  A blink frog (Lair:2)
  A hornet (Lair:5)
  3 dream sheep (Lair:5)
  3 spriggans (Lair:5)
  10 yaks
  A basilisk (Lair:3)
  A redback (Lair:2)
  Edmund (D:4)
  3 water moccasins
  2 black bears (Lair:5)
  A boggart (Lair:5)
  7 wolves
  7 bullfrogs
  A wight (D:8)
  An electric eel (Lair:5)
  4 hell rats
  2 gnolls (D:4)
  An adder (D:6)
  A ribbon worm (D:3)
  A ball python (D:2)
  A kobold (D:4)
67 creatures vanquished.

Vanquished Creatures (others)
  A boulder beetle zombie (Lair:2)
  A black mamba zombie (Lair:1)
  3 cane toad zombies
  A skyshark zombie (Lair:5)
  A komodo dragon zombie (Lair:5)
  A water moccasin zombie (Lair:1)
  5 spriggan zombies (Lair:5)
  A wolf zombie (Lair:5)
  2 bullfrog zombies (Lair:1)
  An orc (D:11)
17 creatures vanquished.

Grand Total: 474 creatures vanquished

Notes
Turn   | Place    | Note
-------+----------+-------------------------------------------
     0 | D:1      | PaiMei the Demonspawn Necromancer began the quest for the
                  | Orb.
     0 | D:1      | Reached XP level 1. HP: 13/13 MP: 3/3
   345 | D:1      | Gained mutation: Spells you cast may paralyse adjacent
                  | enemies. [demonic ancestry]
   345 | D:1      | Reached XP level 2. HP: 19/19 MP: 3/5
   424 | D:1      | Found Ytuniase's Assorted Antiques.
  1304 | D:2      | Got Xuirhev's Handbook of Ensorcelling and the Tundra
  1352 | D:2      | Reached XP level 3. HP: 9/25 MP: 0/6
  1701 | D:2      | Reached skill level 1 in Fighting
  1774 | D:2      | Gained mutation: A weak demonic guardian rushes to your
                  | aid. [demonic ancestry]
  1774 | D:2      | Reached XP level 4. HP: 30/32 MP: 1/7
  2065 | D:2      | Reached skill level 5 in Necromancy
  2106 | D:2      | Found a faded altar of an unknown god.
  2593 | D:2      | Noticed Sigmund
  3770 | D:4      | Gained mutation: You are surrounded by a mild repulsion
                  | field. (EV +2) [demonic ancestry]
  3770 | D:4      | Reached XP level 5. HP: 38/38 MP: 3/9
  3980 | D:4      | Noticed Edmund
  4036 | D:4      | Noticed a black bear
  4048 | D:4      | Killed a black bear
  4049 | D:4      | Gained mutation: A demonic guardian rushes to your aid.
                  | [demonic ancestry]
  4049 | D:4      | Reached XP level 6. HP: 17/46 MP: 0/10
  4263 | D:4      | Learned a level 3 spell: Vampiric Draining
  4268 | D:4      | Learned a level 4 spell: Animate Dead
  4309 | D:4      | HP: 2/46 [gnoll/+0 spear[a gnoll bouda] (3)]
  4914 | D:4      | Killed Edmund
  5306 | D:4      | Found an iron altar of Okawaru.
  5363 | D:4      | Found a sparkling altar of Nemelex Xobeh.
  5417 | D:4      | Found a staircase to the Ecumenical Temple.
  5429 | D:4      | Reached skill level 6 in Necromancy
  5429 | D:4      | Gained mutation: You are surrounded by a moderate repulsion
                  | field. (EV +3) [demonic ancestry]
  5429 | D:4      | Reached XP level 7. HP: 52/52 MP: 6/12
  5438 | Temple   | Entered the Ecumenical Temple
  5462 | Temple   | Became a worshipper of Kikubaaqudgha
  5656 | D:5      | Entered Level 5 of the Dungeon
  6644 | D:5      | Reached XP level 8. HP: 60/60 MP: 6/14
  7093 | D:2      | Killed Sigmund
  7094 | D:2      | Reached skill level 7 in Necromancy
  7507 | D:6      | Reached skill level 5 in Dodging
  7507 | D:6      | Reached skill level 5 in Spellcasting
  7640 | D:6      | Found a basalt altar of Yredelemnul.
  7697 | D:6      | Reached skill level 5 in Fighting
  7892 | D:6      | Reached * piety under Kikubaaqudgha
  7892 | D:6      | Received a gift from Kikubaaqudgha
  8059 | D:6      | Found a broken altar of Ashenzari.
  8231 | D:6      | Found a hazy altar of Hepliaklqana.
  8327 | D:6      | Reached XP level 9. HP: 66/68 MP: 9/17
  8877 | D:7      | Reached skill level 8 in Necromancy
  8904 | D:7      | Reached ** piety under Kikubaaqudgha
  9045 | D:7      | Identified the +0 pair of boots of the Vestibule of Hell
                  | {Slay+3}
  9112 | D:7      | Identified the +0 robe of Dafiaf Etroll {rF++}
  9217 | D:7      | Identified the staff of the Pharaoh's Fist {+Blink Fly rC+
                  | Str-3 Ice}
 10045 | D:8      | Noticed Pikel
 10061 | D:8      | Killed Pikel
 10104 | D:8      | Found Edawk's Armour Boutique.
 10640 | D:8      | Reached skill level 9 in Necromancy
 11220 | D:9      | Gained mutation: Spells you cast may paralyse nearby
                  | enemies. [demonic ancestry]
 11220 | D:9      | Reached XP level 10. HP: 77/77 MP: 13/20
 11267 | D:9      | Found a staircase to the Orcish Mines.
 12007 | D:9      | Identified the +7 long sword "Hellblazer" {protect, Str+2}
 12009 | D:9      | Reached *** piety under Kikubaaqudgha
 12009 | D:9      | Received a gift from Kikubaaqudgha
 13476 | D:10     | Entered Level 10 of the Dungeon
 13751 | D:10     | Reached skill level 10 in Necromancy
 14232 | D:10     | Found a staircase to the Lair.
 14600 | D:10     | Found an ornate altar of the Wu Jian Council.
 14919 | D:10     | Learned a level 5 spell: Curse of Agony
 14924 | D:10     | Learned a level 4 spell: Dispel Undead
 14930 | D:10     | Learned a level 5 spell: Borgnjor's Vile Clutch
 15035 | D:10     | Found a shimmering altar of Xom.
 15242 | D:10     | Gained mutation: You have a pair of small antennae on your
                  | head. [demonic ancestry]
 15242 | D:10     | Reached XP level 11. HP: 86/87 MP: 11/23
 16447 | D:11     | Noticed Erolcha
 17537 | Lair:1   | Entered Level 1 of the Lair of Beasts
 17556 | Lair:1   | Reached skill level 11 in Necromancy
 17727 | Lair:1   | Found a dark tunnel.
 17747 | Lair:1   | Noticed a boulder beetle
 17748 | Lair:1   | Noticed a catoblepas
 17939 | Lair:1   | Killed a boulder beetle
 18011 | Lair:1   | Reached **** piety under Kikubaaqudgha
 18040 | Volcano  | Entered a volcano
 18373 | Volcano  | Noticed a deep elf pyromancer
 18373 | Volcano  | Noticed a deep elf pyromancer
 18493 | Lair:1   | Killed a catoblepas
 18695 | Lair:1   | Reached XP level 12. HP: 97/97 MP: 19/25
 18846 | Lair:1   | Identified the +1 quarterstaff "Qaepeud" {freeze, rPois
                  | rC+}
 19255 | Lair:2   | Reached skill level 10 in Fighting
 19366 | Lair:2   | Found a staircase to the Shoals.
 19642 | Lair:1   | Reached skill level 12 in Necromancy
 20121 | Lair:2   | Found a hole to the Spider Nest.
 20318 | Lair:2   | Noticed a four-headed hydra
 20327 | Lair:2   | Killed a four-headed hydra
 20345 | Lair:2   | Noticed Maggie
 20359 | Lair:2   | Killed Maggie
 20556 | Lair:2   | Reached skill level 10 in Dodging
 20710 | Lair:2   | Reached skill level 10 in Spellcasting
 20977 | Lair:2   | Noticed a boulder beetle
 20986 | Lair:2   | Killed a boulder beetle
 21030 | Lair:2   | Noticed Sonja
 21056 | Lair:2   | Killed Sonja
 21814 | Lair:3   | Noticed a six-headed hydra
 21822 | Lair:3   | Killed a six-headed hydra
 22565 | Lair:3   | Found a transporter.
 22654 | Lair:3   | Found a transporter.
 22982 | Lair:4   | Gained mutation: You are surrounded by a strong repulsion
                  | field. (EV +4, RMsl) [demonic ancestry]
 22982 | Lair:4   | Reached XP level 13. HP: 101/106 MP: 12/27
 22984 | Lair:4   | Reached skill level 1 in Long Blades
 22999 | Lair:4   | Reached skill level 13 in Necromancy
 23028 | Lair:4   | Reached skill level 1 in Shields
 23028 | Lair:4   | Reached skill level 1 in Earth Magic
 23197 | Lair:4   | Found a viscous altar of Jiyva.
 23198 | Lair:4   | Found a staircase to the Slime Pits.
 24136 | Lair:5   | Entered Level 5 of the Lair of Beasts
 24596 | Lair:5   | Reached ***** piety under Kikubaaqudgha
 28145 | Lair:3   | Gained mutation: You have a pair of antennae on your head.
                  | [demonic ancestry]
 28145 | Lair:3   | Reached XP level 14. HP: 113/113 MP: 16/29
 28236 | Lair:3   | HP: 1/113 [poison (dark miasma)]
 28237 | Lair:3   | Engulfed by a cloud of foul pestilence

Illustrated notes

Levels and vault maps discovered:
D:1:      minmay_arrival_loop, layout_basic, serial_shops, shop
D:2:      layout_basic, dreamdust_ecumenical_altar_angels_and_demons,
          minivault_14, minmay_cupped, uniq_sigmund
D:3:      layout_basic, minmay_quantized
D:4:      kennysheep_six_static_rooms, layout_cave_pools,
          mainiacjoe_overflow_brackets, lemuel_coloured_pillars_altar,
          minmay_temple_entry_glass, uniq_edmund
D:5:      layout_rooms, serial_bayou_pond_c
D:6:      layout_basic, nicolae_ashenzari_skybound,
          nicolae_hepliaklqana_monster_ancestors, amcnicky_altar_gilded
D:7:      layout_loops_ring, minmay_misc_feat_secret_circle,
          amcnicky_mini_corridor_feature, hex_large
D:8:      layout_loops_cross, serial_shops, kennysheep_little_box,
          minmay_misc_feat_more_columns, uniq_pikel
D:9:      layout_basic, orc_0_dummy, eino_jars
D:10:     layout_loops_ring, jmf_multi_god_temple2, due_lair_maze_entry_diamond,
          serial_rivers, chequers_serial_rivers_large_b,
          chequers_serial_rivers_room_a, chequers_serial_rivers_micro_d,
          chequers_serial_rivers_small_a, chequers_serial_rivers_large_a,
          chequers_serial_rivers_small_a
D:11:     layout_basic, uniq_erolcha, uniq_harold
Temple:   eino_wide_crystal_templ
Lair:1:   layout_regular_city, nicolae_volcano_entry_hallway, st_stairs_12
Lair:2:   layout_chaotic_city, shoals_dummy_entry, spider_nest_entry_a,
          st_stairs_6, uniq_maggie, uniq_sonja
Lair:3:   gammafunk_worm_tunnel, layout_regular_city, nicolae_lair_lindhole,
          infiniplex_staircase_pool_2
Lair:4:   layout_cave_pods, minmay_slime_entry_oklob_open
Lair:5:   minmay_lair_end_enchanted_forest, layout_loops_ring,
          serial_bayou_shore_b, serial_bayou_shore_a, lemuel_fruit_fields

Skill      XL: |  1  2  3  4  5  6  7  8  9 10 11 12 13 |
---------------+----------------------------------------+-----
Stealth        | 2 |  2.2
Dodging        | 2 3 4 5 6 8 9 10 | 10.5
Fighting       | 1 2 3 4 5 6 8 9 11 | 11.0
Necromancy     | 5 6 7 9 10 11 12 13 | 13.9
Spellcasting   | 3 4 5 6 8 9 10 11 | 11.4
Long Blades    | 4 |  4.5
Shields        | 4 |  4.3
Earth Magic    | 4 |  4.3

Action                     |  1- 3 |  4- 6 |  7- 9 | 10-12 | 13-15 || total
---------------------------+-------+-------+-------+-------+-------++-------
  Melee: Unarmed           |     4 |       |       |       |       ||     4
         Flail             |     5 |    38 |       |       |       ||    43
         Dire flail        |       |       |   164 |   356 |       ||   520
         Long sword        |       |       |       |     5 |   226 ||   231
         Punch             |       |       |       |       |     2 ||     2
   Cast: Necrotise         |    59 |   137 |    94 |    48 |    67 ||   405
         Vampiric Draining |       |     4 |    66 |   225 |   132 ||   427
         Animate Dead      |       |       |       |     7 |     6 ||    13
         Dispel Undead     |       |       |       |     5 |       ||     5
         Curse of Agony    |       |       |       |    10 |     5 ||    15
    Use: Potion            |       |     1 |       |       |     2 ||     3
         Scroll            |       |       |       |    10 |     1 ||    11
   Stab: Paralysed         |     7 |    13 |    16 |    81 |    65 ||   182
         Distracted        |       |       |     1 |     1 |       ||     2
 Armour: Robe              |     9 |    45 |   101 |    95 |       ||   250
         Ring mail         |       |       |       |   345 |   312 ||   657
  Dodge: Dodged            |     5 |    42 |   223 |   538 |   488 ||  1296
         Repelled          |       |       |       |       |     7 ||     7
  Block: Buckler           |       |    13 |       |       |     3 ||    16
